 Dungeon Crawl Stone Soup version 0.30-a0-178-g4db885d750 (webtiles) character file.

Game seed: 9983828531823654435

175 Bnni the Shooter (level 5, 0/42 HPs)
             Began as a Formicid Hunter on Oct 3, 2022.
             Was a Priest of Lugonu.
             Slain by Duvessa
             ... wielding a +0 short sword
              (7 damage)
             ... on level 4 of the Dungeon.
             The game lasted 00:04:02 (2291 turns).

Bnni the Shooter (Formicid Hunter)                  Turns: 2291, Time: 00:04:03

Health: 0/42       AC:  6    Str: 15    XL:     5   Next: 86%
Magic:  6/6        EV: 11    Int:  9    God:    Lugonu [***...]
Gold:   127        SH:  0    Dex: 19    Spells: 4/4 levels left

rFire   . . .      SeeInvis +    f - +0 dagger (venom)
rCold   . . .      Faith    .    (no shield)
rNeg    . . .      Spirit   .    e - +0 ring mail
rPois   .          Reflect  .    (helmet unavailable)
rElec   .          Harm     .    (no cloak)
rCorr   .          Rampage  .    k - +0 pair of gloves
Will    .....                    (no boots)
Stlth   +.........               (no amulet)
HPRegen 0.27/turn                (no ring)
MPRegen 0.10/turn                (no ring)

@: no status effects
A: permanent stasis, dig shafts and tunnels, antennae 3, four strong arms
a: Dig, Shaft Self, Renounce Religion, Depart the Abyss, Bend Space, Banish


You were on level 4 of the Dungeon.
You worshipped Lugonu.
Lugonu was most pleased with you.
You visited 1 branch of the dungeon, and saw 4 of its levels.

You collected 127 gold pieces.

Inventory:

Hand Weapons
 a - a +0 shortbow
 f - a +0 dagger of venom (weapon)
Armour
 e - a +0 ring mail (worn)
 k - a +0 pair of gloves (worn)
Jewellery
 o - a ring of fire
Scrolls
 b - a scroll of immolation
 d - 2 scrolls of enchant armour {unknown}
 h - a scroll of summoning {unknown}
 j - a scroll of magic mapping {unknown}
 l - a scroll of fear {unknown}
 m - 5 scrolls of identify {unknown}
 n - a scroll of teleportation {unknown}
Potions
 c - a potion of cancellation
 g - a potion of magic {unknown}
 i - a potion of curing


   Skills:
 + Level 3.7 Fighting
 * Level 5.7 Ranged Weapons
 - Level 1.7 Dodging
 - Level 1.2 Stealth
 + Level 1.9 Invocations


You had 4 spell levels left.
You didn't know any spells.
Your spell library contained the following spells:

 Spells                   Type           Power      Damage    Failure   Level
 Slow                     Hex            0%         N/A       63%         1
 Momentum Strike          Conj/Tloc      0%         3d8       77%         2
 Confusing Touch          Hex            0%         N/A       94%         3
 Lesser Beckoning         Tloc           0%         N/A       94%         3
 Vampiric Draining        Necr           0%         2d6       94%         3
 Manifold Assault         Tloc           0%         N/A       100%        4
 Dispersal                Tloc           0%         N/A       100%        6
 Disjunction              Tloc           0%         N/A       100%        8
 Blink                    Tloc           Unusable   N/A       N/A         2

Dungeon Overview and Level Annotations

Branches:
Dungeon (4/15)
 Temple: D:4-7

Altars:
Lugonu

Annotations:
D:4 Dowan, Duvessa


Innate Abilities, Weirdness & Mutations

You cannot be hasted, slowed, berserked, paralysed or teleported.
You can dig through walls and to a lower floor.
You have a pair of large antennae on your head. (SInv)
Your four strong arms can wield two-handed weapons with a shield.


Message History

Duvessa is lightly wounded.
Duvessa hits you with a +0 short sword.
Okay, then.
Dowan attacks as you move away! Dowan barely misses you.
Dowan mumbles some strange words.
Dowan blinks!
You shoot an arrow.
The arrow hits Duvessa but does no damage.
Duvessa is lightly wounded.
Duvessa hits you but does no damage.
Dowan gestures wildly while chanting.
Dowan blinks!
You shoot an arrow. The arrow barely misses Duvessa.
Duvessa hits you with a +0 short sword!
You shoot an arrow.
The arrow hits Duvessa but does no damage.
Duvessa is lightly wounded.
Duvessa hits you with a +0 short sword! Duvessa hits you with a +0 short sword.
Okay, then.
Your +0 dagger of venom begins to drip with poison!
f - a +0 dagger of venom (weapon)
You hit Duvessa but do no damage.
Duvessa is lightly wounded.
Duvessa hits you with a +0 short sword.
You completely miss Duvessa.
Duvessa is lightly wounded.
Duvessa hits you with a +0 short sword!
You are too injured to fight recklessly!
It was a potion of cancellation.
You feel magically purged. Duvessa hits you with a +0 short sword!
* * * LOW HITPOINT WARNING * * *
It was a potion of curing.
You feel better. Duvessa hits you with a +0 short sword!
* * * LOW HITPOINT WARNING * * *
Dowan mumbles some strange words.
Dowan blinks!
You closely miss Duvessa.
Duvessa is lightly wounded.
Duvessa hits you with a +0 short sword!
You die...

#.# ##.# . #. #.# ..
# #. #.#### #. .# .
#....# #.######.###.
# ####.##
#...#........ #..###
#.......... ##...##
###.###{###
####..###...##...
#......@e...ยง...>..
#.############.....
.. .... ... ... ##
.. .


You could see Duvessa.

Vanquished Creatures
  A hound (D:4)
  6 adders
  2 dart slugs
  6 orcs
  4 ball pythons
  7 bats
  5 endoplasms
  A giant cockroach (D:2)
  4 hobgoblins
  6 jackals (D:3)
  9 quokkas
  A frilled lizard (D:1)
  11 goblins
  5 kobolds
  5 rats (D:2)
73 creatures vanquished.

Notes
Turn   | Place    | Note
-------+----------+-------------------------------------------
     0 | D:1      | Bnni the Formicid Hunter began the quest for the Orb.
     0 | D:1      | Reached XP level 1. HP: 16/16 MP: 1/1
    76 | D:1      | Reached XP level 2. HP: 23/23 MP: 2/2
   278 | D:1      | Found a faded altar of an unknown god.
   331 | D:1      | Prayed at the altar of an unknown god.
   331 | D:1      | Became a worshipper of Lugonu the Unformed
   331 | D:1      | Reached * piety under Lugonu
   331 | D:1      | Reached ** piety under Lugonu
   637 | D:1      | Reached XP level 3. HP: 28/28 MP: 3/3
  1101 | D:2      | Reached XP level 4. HP: 35/35 MP: 4/4
  1194 | D:2      | Reached skill level 5 in Ranged Weapons
  1573 | D:2      | Reached *** piety under Lugonu
  1788 | D:3      | Reached skill level 1 in Invocations
  1791 | D:3      | Reached XP level 5. HP: 41/41 MP: 5/5
  1910 | D:3      | Identified the +3 leather armour of Mohuydd {rElec rF+
                  | Slay-4 Stlth+}
  2272 | D:4      | Noticed Duvessa
  2272 | D:4      | Noticed Dowan
  2291 | D:4      | Slain by Duvessa

Illustrated notes

Levels and vault maps discovered:
D:1:      heliophobic_arrival_battle_scene, layout_basic, basic_ecumenical_altar
D:2:      minmay_skewed_foursquare, layout_loops_ring
D:3:      layout_rooms
D:4:      layout_rooms, uniq_duvessa

Skill      XL: |  1  2  3  4 |
---------------+-------------+-----
Fighting       | 3 |  3.7
Ranged Weapons | 5 |  5.7
Invocations    | 1 |  1.9
Dodging        | |  1.7
Stealth        | |  1.2

Action                   |  1- 3 |  4- 6 || total
-------------------------+-------+-------++-------
Melee: Dagger            |       |     3 ||     3
 Fire: Shortbow          |    52 |   145 ||   197
  Use: Potion            |       |     2 ||     2
Armor: Leather armour    |     3 |       ||     3
       Ring mail         |    12 |    32 ||    44
Dodge: Dodged            |     9 |    43 ||    52

Table legend: (Time is in decaauts)
 A = Elapsed time spent in this place.
 B = Non-inter-level travel time spent in this place.
 C = Inter-level travel time spent in this place.
 D = Time resting spent in this place.
 E = Time spent auto-exploring this place.
 F = Levels seen in this place.
 G = Mean time per level.
                   A        B        C        D        E       F      G
               +--------+--------+--------+--------+--------+-----+--------+
         Total |   2358 |   2279 |     79 |      0 |   1796 |   4 |  589.5 |
       Dungeon |   2358 |   2279 |     79 |      0 |   1796 |   4 |  589.5 |
               +--------+--------+--------+--------+--------+-----+--------+

Top non-repeatable levels by time:
     D:1: 920 daAuts
     D:2: 889 daAuts
     D:3: 453 daAuts
     D:4: 94 daAuts
